Unix NetHack Version 3.7.0-86 Work-in-progress - last build May 30 2023 01:50:43 (cc98dc9aa62a9957b082a042edf5bd7ec9f632c7,branch:master). Game began 2023-06-08 06:03:28, ended 2023-06-08 06:14:22. nmlkj, chaotic male human Wizard ------------ ## |..........-# ################### |..........|# #------- ---@.---.--------------- |..<.......|# #|..........u[[*%...............| |..........|### #| -.|--------.- .----- | -+-.-------- #### # .. . | ######## # # |. | # # ###### -- # ### # # # )##)## # # ### -.----.- |......| |......| |>.....| |......| -------- Nmlkj the Conjurer St:9 Dx:18 Co:9 In:18 Wi:12 Ch:10 Chaotic S:1878 Dlvl:8 $:254 HP:0(39) Pw:4(54) AC:7 Xp:5/316 T:1886 Burdened Latest messages: The gnomish wizard points at you, then curses. You miss the gnomish wizard. The gnomish wizard points at you, then curses. The gnomish wizard points all around, then curses. In what direction? h The spell hits the dwarf! You kill the dwarf! The air crackles around the gnomish wizard. The gnome picks up a hooded cloak. The gnomish wizard points at you, then curses. You miss the gnomish wizard. The gnome throws a dart! You are hit by a dart. The gnomish wizard points all around, then curses. You see here a blue gem. The gnomish wizard points at you, then curses. You hit the gnome. The gnomish wizard points at you, then curses. The gnome hits! You hear a door open. The gnomish wizard points at you, then curses. The gnomish wizard points all around, then curses. In what direction? l The spell misses the gnomish wizard. The gnome hits! The gnomish wizard casts a spell at you! Your brain is on fire! In what direction? l The spell hits the gnomish wizard! The gnome hits! The gnomish wizard points at you, then curses. In what direction? l The spell hits the gnomish wizard! You kill the gnomish wizard! You kill the gnome! There is a gnomish wizard corpse here; eat it? [ynq] (n) y This gnomish wizard corpse is gamey. You hear a door open. You stop eating the gnomish wizard corpse. The white unicorn butts! The white unicorn kicks! In what direction? l The spell hits the monkey! The monkey hits! The monkey stole 2 uncursed scrolls of teleportation. The monkey tries to run away with your scrolls of teleportation. The white unicorn butts! The white unicorn kicks! The white unicorn butts! You die... Inventory: $ - 254 gold pieces d - an uncursed +2 ring of gain constitution e - an uncursed +1 ring of increase damage n - an uncursed ring of levitation u - a wand of create monster (0:14) c - a wand of polymorph (0:5) E - a wand of striking named striking (0:3) z - a wand of undead turning (0:5) f - an uncursed potion of blindness h - an uncursed potion of healing s - a cursed potion of sickness g - an uncursed potion of water j - an uncursed scroll of destroy armor D - an uncursed spellbook of levitation x - an uncursed spellbook of slow monster y - an uncursed worthless piece of blue glass A - an uncursed worthless piece of white glass q - an uncursed tripe ration r - 2 uncursed lichen corpses B - an uncursed tallow candle C - an uncursed towel v - 2 +0 elven daggers named inc.Nethack (wielded) a - a blessed +1 quarterstaff named inc.Google b - an uncursed +0 cloak of magic resistance p - an uncursed +0 cloak of magic resistance (being worn) t - an uncursed +0 leather armor (being worn) Nmlkj the Wizard's attributes: Background: You were a Conjurer, a level 5 male human Wizard. You were chaotic, on a mission for Anhur who was opposed by Ptah (lawful) and Thoth (neutral). You were in the Gnomish Mines, on level 8. You entered the dungeon 1886 turns ago. You had 316 experience points, 4 more were needed to attain level 6. Your score was 1878 before end-of-game adjustments. Basics: You had 0 out of 39 hit points. You had 4 out of 54 energy points (spell power). Your armor class was 7. Your wallet contained 254 zorkmids. Autopickup was on for '$' plus thrown. Final Characteristics: Your strength was 9 (limit:18/100). Your dexterity was 18 (limit:18). Your constitution was 9 (limit:18). Your intelligence was 18 (limit:18). Your wisdom was 12 (limit:18). Your charisma was 10 (limit:18). Final Status: You were not hungry. You were burdened; movement was slightly slowed. You were wielding daggers. You were unskilled in dagger. Final Attributes: You were devoutly aligned. You were magic-protected. You were telepathic. You were warded. You are dead. Miscellaneous: You disabled loading of bones levels. Total elapsed playing time was 10 minutes and 54 seconds. Major events: Turn 1: nmlkj the chaotic male human Wizard entered the dungeon 1096: attained the rank of Conjurer (level 3) 1187: entered the Gnomish Mines 1886: killed by a white unicorn Vanquished creatures: an imp a yellow light 2 gnome leaders a gnomish wizard a kobold mummy a floating eye 3 dwarves 2 rothes 2 monkeys 2 hobbits 2 red molds 16 gnomes a gecko 2 jackals a fox a kobold 4 grid bugs a bat 2 lichens 2 newts 48 creatures vanquished. No species were genocided or became extinct. Voluntary challenges: You read items or engraved 6 times. You engraved Elbereth 2 times. You never genocided any monsters. You never polymorphed an object. You never changed form. You used no wishes. Achievements: You entered a shop. You attained the rank of Conjurer. You entered the Gnomish Mines. The Dungeons of Doom: levels 1 to 4 Level 1: A grave. Level 2: A grave. Level 3: A general store, a fountain. Level 4: Stairs down to The Gnomish Mines. The Gnomish Mines: levels 5 to 8 Level 5: Level 7: Level 8: <- You were here. Final resting place for you, killed by a white unicorn. Game over: ---------- / \ / REST \ / IN \ / PEACE \ / \ | nmlkj | | 254 Au | | killed by a | | white unicorn | | | | | | 2023 | *| * * * | * _________)/\\_//(\/(/\)/\//\/|_)_______ Goodbye nmlkj the Wizard... You died in The Gnomish Mines on dungeon level 8 with 1853 points, and 254 pieces of gold, after 1886 moves. You were level 5 with a maximum of 39 hit points when you died.